 Dungeon Crawl Stone Soup version 0.30-a0-702-gdf48620a09 (webtiles) character file.

Game seed: 9946127651455066746

1386 CrazyBamboolord the Insei (level 8, 0/46 HPs)
             Began as an Octopode Transmuter on Jan 21, 2023.
             Was a Follower of Hepliaklqana.
             Slain by a sky beast (4 damage)
             ... on level 6 of the Dungeon.
             The game lasted 00:16:39 (5445 turns).

CrazyBamboolord the Insei (Octopode Transmuter)     Turns: 5445, Time: 00:16:40

Health: 0/46       AC:  1    Str: 10    XL:     8   Next: 67%
Magic:  14/14      EV: 14    Int: 17    God:    Hepliaklqana [*.....]
Gold:   207        SH:  0    Dex: 12    Spells: 5/15 levels left

rFire   . . .      SeeInvis .      - Unarmed
rCold   . . .      Faith    .    (no shield)
rNeg    . . .      Spirit   .    (helmet restricted)
rPois   .          Reflect  .    (no amulet)
rElec   .          Harm     .    (no ring)
rCorr   .          Rampage  .    (no ring)
Will    .....                    (no ring)
Stlth   +++                      (no ring)
HPRegen 0.27/turn                (no ring)
MPRegen 0.14/turn                (no ring)
                                 (no ring)
                                 (no ring)

@: about to teleport
A: reduced essence, almost no armour, amphibious, 8 rings, camouflage 1,
gelatinous body 1, (nimble swimmer 1), tentacles
a: Renounce Religion, Recall Ancestor, Ancestor Identity


You were on level 6 of the Dungeon.
You worshipped Hepliaklqana.
Hepliaklqana was aware of your devotion.
You visited 2 branches of the dungeon, and saw 7 of its levels.

You collected 207 gold pieces.

Inventory:

Wands
 l - a wand of quicksilver (10)
 m - a wand of flame (33)
Scrolls
 d - a scroll of immolation
 f - a scroll of magic mapping
 n - 2 scrolls of noise
 p - a scroll of vulnerability {unknown}
 q - 2 scrolls of brand weapon
Potions
 a - 2 potions of lignification
 b - 2 potions of cancellation
 c - 4 potions of magic
 e - 2 potions of haste
 g - 4 potions of might
 i - 2 potions of brilliance {unknown}
 j - a potion of flight {unknown}
 k - 3 potions of berserk rage
 s - a potion of resistance {unknown}


   Skills:
 * Level 3.5 Fighting
 * Level 3.8 Dodging
 - Level 2.4 Stealth
 * Level 5.9 Unarmed Combat
 * Level 4.4 Spellcasting
 * Level 4.6 Transmutations
 * Level 4.0 Poison Magic
 * Level 1.3 Invocations


You had 5 spell levels left.
You knew the following spells:

 Your Spells              Type           Power      Damage    Failure   Level
a - Beastly Appendage     Tmut           38%        N/A       2%          1
b - Wereblood             Tmut           19%        N/A       3%          2
c - Spider Form           Tmut/Pois      18%        N/A       8%          3
d - Ice Form              Ice/Tmut       11%        N/A       50%         4

Your spell library contained the following spells:

 Spells                   Type           Power      Damage    Failure   Level
 Apportation              Tloc           6%         N/A       16%         1
 Necrotise                Necr           12%        1d4       16%         1
 Summon Small Mammal      Summ           12%        N/A       16%         1
 Call Canine Familiar     Summ           3%         N/A       41%         3
 Portal Projectile        Hex/Tloc       6%         N/A       41%         3
 Leda's Liquefaction      Hex/Erth       1%         N/A       83%         4


Dungeon Overview and Level Annotations

Branches:
Dungeon (6/15)             Temple (1/1) D:5

Altars:
Ashenzari
Cheibriados
Dithmenos
Elyvilon
Fedhas
Gozag
Hepliaklqana
Kikubaaqudgha
Makhleb
Nemelex Xobeh
Okawaru
Qazlal
Ru
Sif Muna
Trog
Uskayaw
Vehumet
Wu Jian
Xom
Yredelemnul
Zin
The Shining One


Innate Abilities, Weirdness & Mutations

Your life essence is reduced to manifest your ancestor. (-10% HP)
You cannot wear most types of armour.
You are amphibious.
You can wear up to eight rings at the same time.
Your skin changes colour to match your surroundings (Stealth+).
Your rubbery body absorbs attacks. (AC +1, EV +1)
((You are camouflaged when in or above water. (Stealth+)))
You have tentacles for arms and can constrict up to eight enemies at once.


Message History

You tentacle-slap the iguana but do no damage.
You squeeze the iguana.
The iguana is severely wounded.
You constrict the iguana. The iguana barely misses you.
You tentacle-slap the iguana.
You feel a bit better.
You kill the iguana!
Your Poison Magic skill increases to level 4!
You closely miss the sky beast.
You pierce the sky beast.
The sky beast is lightly wounded.
The sky beast flickers out of sight!
Deactivating autopickup; reactivate with Ctrl-A.
Something hits you. Something shocks you.
You miss something.
You pierce something.
Your squeeze misses something.
A sky beast appears from thin air!
Reactivating autopickup.
The sky beast hits you. The sky beast shocks you.
* * * LOW HITPOINT WARNING * * *
You bludgeon the sky beast!
The sky beast is heavily wounded.
Your transformation is almost over.
You tentacle-slap the sky beast.
Your tentacle spike misses the sky beast.
The sky beast is heavily wounded.
You howl as the wereblood boils in your veins!
The sky beast barely misses you.
You tentacle-slap the sky beast.
Your tentacle spike misses the sky beast.
The sky beast is severely wounded.
The sky beast hits you.
* * * LOW HITPOINT WARNING * * *
The sky beast shocks you.
* * * LOW HITPOINT WARNING * * *
It was a potion of cancellation.
Your magical effects are unravelling.
You feel magically purged.
Your tentacle spike disappears.
Your primal bloodlust has ended.
The sky beast closely misses you.
As you read the scroll of teleportation, it crumbles to dust.
You feel strangely unstable. The sky beast hits you.
You die...

....... ..$.... #
# ....... .#
.......####.#
........#.#.####
......)........#
.. ....(.).......#
.....#
.....####Y#####
#..... ##.
#....@..# #..#
#...8...# #...#
#..#.#..# #..
#.8.#.8.# #
#..#.#..# ###.##
.### #...8...#
..#.....
...#.#.......#.. .
.....#.#
.....####)####....
##..###
#.......)........
#....###


You could see a sky beast.

Vanquished Creatures
  Edmund (D:5)
  Duvessa (D:5)
  An ogre (D:4)
  A centaur (D:4)
  A gnoll sergeant (D:5)
  A scorpion (D:5)
  Dowan (D:5)
  3 wights (D:5)
  2 orc priests
  3 hounds
  A jelly (D:4)
  2 iguanas
  Ijyb (D:3)
  3 orc wizards
  5 adders
  4 gnolls (D:5)
  A shadow imp (D:6)
  An ufetubus (D:5)
  2 worms
  4 dart slugs
  15 orcs
  6 ball pythons
  3 bats
  8 endoplasms
  8 goblins
  5 hobgoblins
  2 jackals (D:4)
  5 quokkas
  A frilled lizard (D:1)
  A kobold (D:3)
  4 rats
97 creatures vanquished.

Vanquished Creatures (collateral kills)
  A phantom (D:6)
  A necrophage (D:6)
  An iguana (D:6)
  An adder (D:6)
4 creatures vanquished.

Vanquished Creatures (others)
  2 ancestors (D:6)
  6 fungi (D:5)
8 creatures vanquished.

Grand Total: 109 creatures vanquished

Notes
Turn   | Place    | Note
-------+----------+-------------------------------------------
     0 | D:1      | CrazyBamboolord the Octopode Transmuter began the quest for
                  | the Orb.
     0 | D:1      | Reached XP level 1. HP: 13/13 MP: 3/3
   216 | D:1      | Reached XP level 2. HP: 15/18 MP: 3/5
   602 | D:1      | Learned a level 2 spell: Wereblood
   662 | D:2      | Reached XP level 3. HP: 23/23 MP: 4/6
  1026 | D:2      | Reached skill level 1 in Poison Magic
  1299 | D:3      | Learned a level 3 spell: Spider Form
  1755 | D:3      | Reached skill level 1 in Stealth
  1755 | D:3      | Reached XP level 4. HP: 3/29 MP: 7/7
  1875 | D:3      | Noticed Ijyb
  1881 | D:3      | Killed Ijyb
  1889 | D:3      | Reached XP level 5. HP: 22/34 MP: 4/8
  2310 | D:4      | Noticed a centaur
  2399 | D:4      | Killed a centaur
  2400 | D:4      | Reached skill level 4 in Unarmed Combat
  2400 | D:4      | Reached XP level 6. HP: 22/40 MP: 8/10
  2824 | D:4      | Reached XP level 7. HP: 15/45 MP: 7/12
  3134 | D:4      | Found a blossoming altar of Fedhas.
  3138 | D:4      | Found a burning altar of Makhleb.
  3151 | D:4      | Found a sparkling altar of Nemelex Xobeh.
  3154 | D:4      | Found a snail-covered altar of Cheibriados.
  3158 | D:4      | Found a radiant altar of Vehumet.
  3167 | D:4      | Found an ancient bone altar of Kikubaaqudgha.
  3426 | D:5      | Entered Level 5 of the Dungeon
  3718 | D:5      | Noticed Edmund
  3736 | D:5      | Killed Edmund
  3919 | D:5      | Found a staircase to the Ecumenical Temple.
  3930 | Temple   | Entered the Ecumenical Temple
  4078 | Temple   | Became a worshipper of Hepliaklqana the Forgotten
  4415 | D:5      | Noticed Duvessa
  4416 | D:5      | Noticed Dowan
  4642 | D:5      | Killed Duvessa
  4643 | D:5      | Reached skill level 5 in Unarmed Combat
  4643 | D:5      | Reached XP level 8. HP: 52/52 MP: 12/14
  4647 | D:5      | Killed Dowan
  5164 | D:5      | Learned a level 4 spell: Ice Form
  5205 | D:6      | Reached * piety under Hepliaklqana
  5343 | D:6      | Reached skill level 1 in Invocations
  5445 | D:6      | Slain by a sky beast

Illustrated notes

Levels and vault maps discovered:
D:1:      amcnicky_arrival_wind_blow, layout_rooms
D:2:      layout_loops_cross, chequers_serial_rivers_small_a
D:3:      layout_loops_cross, uniq_ijyb
D:4:      layout_loops_ring, nicolae_overflow_hallway_of_the_gods
D:5:      layout_basic, temple_hall, serial_aquarium, aquarium_bridge_straight
          [aquarium_subvault_bridge, aquarium_subvault_wall,
          aquarium_subvault_bridge, aquarium_subvault_window],
          aquarium_window_1, aquarium_window_corner, aquarium_window_fake,
          aquarium_view_2c, aquarium_balcony_5b, uniq_duvessa, uniq_edmund
D:6:      kennysheep_kobold_camp, layout_cave_pools, kennysheep_generic_room_10
Temple:   regret_index_temple_sphere_string

Skill      XL: |  1  2  3  4  5  6  7  8 |
---------------+-------------------------+-----
Poison Magic   | 1 2 3 4 |  4.0
Stealth        | 1 2 |  2.4
Fighting       | 2 3 |  3.5
Unarmed Combat | 4 5 |  5.9
Spellcasting   | 3 4 |  4.4
Transmutations | 3 4 |  4.6
Dodging        | 3 |  3.8
Invocations    | 1 |  1.3

Action                   |  1- 3 |  4- 6 |  7- 9 || total
-------------------------+-------+-------+-------++-------
Melee: Unarmed           |    75 |    51 |   159 ||   285
       Kick              |    28 |    14 |    23 ||    65
       Tentacles         |    14 |    10 |    19 ||    43
       Constrict         |    13 |     8 |    19 ||    40
       Punch             |     1 |     3 |     1 ||     5
 Cast: Beastly Appendage |    26 |    15 |    11 ||    52
       Wereblood         |       |     3 |     8 ||    11
       Spider Form       |       |     1 |     6 ||     7
Invok: Ancestor Identity |       |       |     1 ||     1
Evoke: Wand              |     3 |       |     4 ||     7
  Use: Scroll            |     3 |     6 |     4 ||    13
       Potion            |       |     1 |     2 ||     3
 Stab: Sleeping          |    12 |     4 |     2 ||    18
Armor: Skin              |     2 |       |     5 ||     7
Dodge: Dodged            |    31 |    32 |   107 ||   170

Table legend: (Time is in decaauts)
 A = Elapsed time spent in this place.
 B = Non-inter-level travel time spent in this place.
 C = Inter-level travel time spent in this place.
 D = Time resting spent in this place.
 E = Time spent auto-exploring this place.
 F = Levels seen in this place.
 G = Mean time per level.
                   A        B        C        D        E       F      G
               +--------+--------+--------+--------+--------+-----+--------+
         Total |   5423 |   5264 |    159 |    427 |   3939 |   7 |  774.7 |
       Dungeon |   5237 |   5085 |    152 |    427 |   3842 |   6 |  872.8 |
        Temple |    185 |    178 |      7 |      0 |     97 |   1 |  185.0 |
               +--------+--------+--------+--------+--------+-----+--------+

Top non-repeatable levels by time:
     D:5: 1585 daAuts
     D:4: 1134 daAuts
     D:3: 993 daAuts
     D:2: 672 daAuts
     D:1: 617 daAuts
     D:6: 233 daAuts
  Temple: 185 daAuts
